 Dungeon Crawl Stone Soup version 0.30.1-1-g62c8e00024 (webtiles) character file.

Game seed: 16276510388519876284

156 Elmgren the Chopper (level 5, -10/49 HPs)
             Began as a Minotaur Berserker on July 15, 2023.
             Was a Believer of Trog.
             Killed by divine providence
             ... invoked by an orc priest
              (12 damage)
             ... on level 3 of the Dungeon.
             The game lasted 00:01:34 (1077 turns).

Elmgren the Chopper (Minotaur Berserker)            Turns: 1077, Time: 00:01:34

Health: -10/49     AC:  2    Str: 24    XL:     5   Next: 14%
Magic:  4/4        EV: 12    Int:  4    God:    Trog [**....]
Gold:   47         SH:  0    Dex:  9    Spells: 4/4 levels left

rFire   . . .        a - +0 hand axe
rCold   . . .        (no shield)
rNeg    . . .        b - +0 animal skin
rPois   .            (helmet restricted)
rElec   .            (no cloak)
rCorr   .            (no gloves)
SInv    .            (no boots)
Will    .....        (no amulet)
Stlth   +            (no ring)
HPRegen 0.28/turn    (no ring)
MPRegen 0.09/turn

%: no passive effects
@: no status effects
A: horns 2, retaliatory headbutt
a: Renounce Religion, Berserk, Trog's Hand


You were on level 3 of the Dungeon.
You worshipped Trog.
Trog was pleased with you.
You visited 1 branch of the dungeon, and saw 3 of its levels.

You collected 47 gold pieces.

Inventory:

Hand Weapons
 a - a +0 hand axe (weapon)
Armour
 b - a +0 animal skin (worn)
Jewellery
 h - a ring of ice
Scrolls
 c - a scroll of fear {unknown}
Potions
 e - a potion of berserk rage {unknown}
 f - 2 potions of degeneration


   Skills:
 + Level 5.6 Fighting
 + Level 5.6 Axes
 - Level 2.4 Armour
 - Level 2.1 Dodging


You had 4 spell levels left.
You didn't know any spells.
Your spell library was empty.

Dungeon Overview and Level Annotations

Branches:
Dungeon (3/15) Zot: 16909

Altars:


Innate Abilities, Weirdness & Mutations

You have a pair of horns on your head.
You reflexively headbutt those who attack you in melee.


Message History

You kill the goblin!
Trog accepts your kill.
The orc shoots an arrow.
The arrow hits you but does no damage.
The orc priest casts a cantrip, but nothing happens.
The orc shoots an arrow.
The arrow closely misses you.
The orc priest looks satisfied for a moment.
The orc shoots an arrow.
The arrow hits you.
The orc priest begins to cast a cantrip, but forgets the words!
The orc priest looks encouraged for a moment.
The orc hits you but does no damage.
You barely miss the orc. You hit the orc but do no damage.
The orc priest looks encouraged for a moment.
You hit the orc but do no damage.
The orc unwields a +0 shortbow.
The orc wields a +0 club.
The orc closely misses you.
You hit the orc but do no damage.
The orc priest looks braver for a moment.
The orc priest invokes the aid of Beogh against you.
Beogh smites you!
* * * LOW HITPOINT WARNING * * *
The orc closely misses you.
You take 9 damage, and have 21/49 hp.
You hit the orc. The orc hits you with a +0 club.
* * * LOW HITPOINT WARNING * * *
You take 2 damage, and have 19/49 hp.
You barely miss the orc. The orc closely misses you.
You closely miss the orc. The orc hits you but does no damage.
You hit the orc. The orc hits you with a +0 club.
* * * LOW HITPOINT WARNING * * *
You take 3 damage, and have 16/49 hp.
You barely miss the orc. You headbutt the orc.
You kill the orc!
Trog accepts your kill.
The orc priest mumbles some strange prayers to Beogh against you.
Beogh smites you!
* * * LOW HITPOINT WARNING * * *
You take 14 damage, and have 2/49 hp.
MASSIVE DAMAGE!!
The orc priest invokes the aid of Beogh against you.
Beogh smites you!
You die...

#.# #.# #.###########
............#
..†.........#
............#
............#
.........)..#######
...........o.oo.@.#
............#####....#
........?...# ..###
............# ..#
............# ..#
............# .##
...<........# .#
............# ..
............#


You could see 2 orc priests and an orc.

Vanquished Creatures
  A phantom (D:3)
  An orc priest (D:3)
  An adder (D:2)
  A worm (D:3)
  A dart slug (D:2)
  An orc (D:3)
  3 endoplasms
  2 giant cockroaches (D:1)
  6 goblins
  A hobgoblin (D:2)
  4 jackals (D:2)
  4 kobolds
  A quokka (D:1)
  2 ball pythons (D:3)
  A bat (D:3)
  A frilled lizard (D:3)
  A rat (D:2)
32 creatures vanquished.

Notes
Turn   | Place    | Note
-------+----------+-------------------------------------------
     0 | D:1      | Elmgren the Minotaur Berserker began the quest for the Orb.
     0 | D:1      | Reached XP level 1. HP: 19/19 MP: 0/0
   327 | D:1      | Reached XP level 2. HP: 15/27 MP: 1/1
   430 | D:1      | You fall into a shaft and drop 1 floor!
   483 | D:2      | Reached XP level 3. HP: 29/34 MP: 2/2
   997 | D:3      | Noticed a phantom
  1014 | D:3      | Killed a phantom
  1015 | D:3      | Reached skill level 5 in Fighting
  1015 | D:3      | Reached skill level 5 in Axes
  1015 | D:3      | Reached XP level 4. HP: 34/42 MP: 3/3
  1018 | D:3      | Reached ** piety under Trog
  1021 | D:3      | Reached XP level 5. HP: 41/49 MP: 4/4
  1076 | D:3      | HP: 2/49 [orc priest/divine providence (15)]
  1077 | D:3      | Killed from afar by an orc priest

Illustrated notes

Levels and vault maps discovered:
D:1:      minmay_arrival_radiant_lines, layout_loops_corners
D:2:      layout_rooms, minmay_misc_feat_square
D:3:      layout_basic, gammafunk_temple_overflow_forgotten,
          lemuel_crystal_altar

Skill      XL: |  1  2  3 |
---------------+----------+-----
Fighting       | 4 5 |  5.6
Axes           | 4 5 |  5.6
Armour         | |  2.4
Dodging        | |  2.1

Action                     |  1- 3 |  4- 6 || total
---------------------------+-------+-------++-------
  Melee: Hand axe          |    60 |    16 ||    76
         Headbutt          |     9 |     3 ||    12
 Invoke: Berserk           |     1 |       ||     1
    Use: Scroll            |     3 |       ||     3
 Armour: Animal skin       |    12 |     3 ||    15
  Dodge: Dodged            |    33 |     8 ||    41
